 Dungeon Crawl Stone Soup version 0.28.0-53-g5a82cb258f (webtiles) character file.

Game seed: 13734058054378044126

168 Sin92 the Skirmisher (level 5, -4/42 HPs)
             Began as a Demonspawn Fighter on July 5, 2022.
             Slain by Pikel
             ... wielding a +1 whip of freezing
              (6 damage)
             ... on level 4 of the Dungeon.
             The game lasted 00:03:36 (4226 turns).

Sin92 the Skirmisher (Demonspawn Fighter)           Turns: 4226, Time: 00:03:37

Health: -4/42      AC:  2    Str: 24    XL:     5   Next: 23%
Magic:  5/5        EV:  9    Int: 10    God:
Gold:   87         SH:  8    Dex: 12    Spells: 4/4 levels left

rFire   . . .      SeeInvis +   a - +1 flail
rCold   + . .      Faith    .   c - +0 buckler
rNeg    . . .      Spirit   .   b - +0 scale mail
rPois   +          Reflect  .   (helmet restricted)
rElec   .          Harm     .   (no cloak)
rCorr   .          Rampage  .   (no gloves)
Will    .....                   (no boots)
Stlth   ..........              (no amulet)
HPRegen 0.14/turn               l - ring of protection from cold
MPRegen 0.09/turn               j - +6 ring of strength

@: corroded
A: horns 1, large bone plates 1, see invisible, poison resistance
a: no special abilities


You were on level 4 of the Dungeon.
You visited 1 branch of the dungeon, and saw 4 of its levels.

You collected 87 gold pieces.

Inventory:

Hand Weapons
 a - a +1 flail (weapon)
Armour
 b - a +0 scale mail (worn)
 c - a +0 buckler (worn)
Jewellery
 j - a +6 ring of strength (right hand)
 l - a ring of protection from cold (left hand)
Scrolls
 e - a scroll of vulnerability {unknown}
 f - a scroll of teleportation
 h - 2 scrolls of magic mapping
Potions
 d - a potion of might
 g - a potion of degeneration {unknown}
 i - a potion of cancellation {unknown}
 n - a potion of haste
 o - a potion of brilliance
 p - 2 potions of lignification {unknown}
 q - a potion of flight
 r - a potion of curing {unknown}


   Skills:
 + Level 3.7 Fighting
 * Level 3.3 Maces & Flails
 + Level 3.4 Armour
 + Level 3.4 Shields


You had 4 spell levels left.
You didn't know any spells.
Your spell library contained the following spells:

 Spells                   Type           Power      Damage    Failure   Level
 Shock                    Conj/Air       0%         1d3       77%         1
 Summon Small Mammal      Summ           0%         N/A       77%         1
 Blink                    Tloc           0%         N/A       88%         2
 Scorch                   Fire           0%         2d5       88%         2
 Call Canine Familiar     Summ           0%         N/A       98%         3
 Lesser Beckoning         Tloc           0%         N/A       98%         3
 Summon Guardian Golem    Hex/Summ       0%         N/A       98%         3
 Swiftness                Air            0%         N/A       98%         3
 Airstrike                Air            0%         N/A       100%        4
 Flame Wave               Conj/Fire      0%         2d4       100%        4
 Manifold Assault         Tloc           0%         N/A       100%        5
 Summon Cactus Giant      Summ           0%         N/A       100%        6


Dungeon Overview and Level Annotations

Branches:
Dungeon (4/15)
 Temple: D:4-7

Altars:
Ashenzari
Gozag
Trog
Zin

Shops:
D:1 ?   D:2 ?

Annotations:
D:4 Pikel


Innate Abilities, Weirdness & Mutations

You have a pair of small horns on your head.
You are partially covered in large bone plates. (SH +4)
You have supernaturally acute eyesight. (SInv)
Your system is resistant to poisons. (rPois)


Message History

You see here a ball python corpse.
Pikel and 2 lemures come into view.
Pikel is wielding a +1 whip of freezing and carrying a wand of acid (8).
Pikel shouts!
The lemure shouts! x2; You hear a shout!
A lemure comes into view.
A lemure comes into view.
The lemure shouts! x2
Pikel says, "I touched Geryon's horn once."
You thump the lemure!
The lemure is moderately wounded.
The lemure hits you. The lemure hits you but does no damage.
There are monsters nearby!
You hit the lemure. Your headbutt misses the lemure.
The lemure is heavily wounded.
You block the lemure's attack.
There are monsters nearby!
Unknown command.
You thump the lemure! Your headbutt misses the lemure.
The lemure is severely wounded.
You block the lemure's attack.
There are monsters nearby!
You closely miss the lemure.
The lemure is severely wounded.
You block the lemure's attack. The lemure hits you but does no damage.
You thump the lemure!
You kill the lemure!
That felt strangely unrewarding.
You closely miss Pikel.
Pikel hits you with a +1 whip of freezing!
Pikel freezes you.
You barely miss Pikel.
Pikel hits you with a +1 whip of freezing.
You sock Pikel!
Pikel is lightly wounded.
Pikel zaps a wand.
The bolt of acid hits you!!
Ouch! That really hurt!
* * * LOW HITPOINT WARNING * * *
The acid corrodes you!
Pikel hits you with a +1 whip of freezing.
You die...

##########
#.@K555...
#.######## #.# .
#.# .. #.# ...
#.#
....#####.#######
.................
.................


You could see Pikel and 3 lemures.

Vanquished Creatures
  A lemure (D:4)
  A centaur skeleton (D:4)
  A bullfrog skeleton (D:4)
  3 adders (D:3)
  A white imp (D:4)
  A worm (D:2)
  2 dart slugs
  3 orcs (D:3)
  7 ball pythons
  9 endoplasms
  4 goblins
  5 hobgoblins
  3 jackals (D:2)
  3 quokkas (D:1)
  6 bats
  4 frilled lizards
  9 kobolds
  5 rats
68 creatures vanquished.

Vanquished Creatures (others)
  76 plants
76 creatures vanquished.

Grand Total: 144 creatures vanquished

Notes
Turn   | Place    | Note
-------+----------+-------------------------------------------
     0 | D:1      | Sin92 the Demonspawn Fighter began the quest for the Orb.
     0 | D:1      | Reached XP level 1. HP: 18/18 MP: 1/1
    23 | D:1      | You fall into a shaft and drop 1 floor!
   429 | D:1      | Gained mutation: You have a pair of small horns on your
                  | head. [demonic ancestry]
   429 | D:1      | Reached XP level 2. HP: 20/24 MP: 2/2
  1283 | D:1      | Found a faded altar of an unknown god.
  1317 | D:1      | Reached XP level 3. HP: 22/29 MP: 3/3
  1395 | D:1      | Found Riovyfus's Magic Scroll Boutique.
  1804 | D:2      | Found Ikhiups's Magic Scroll Boutique.
  2993 | D:3      | Gained mutation: You have supernaturally acute eyesight.
                  | (SInv) [potion of mutation]
  2993 | D:3      | Gained mutation: Your system is resistant to poisons.
                  | (rPois) [potion of mutation]
  2993 | D:3      | Gained mutation: You are partially covered in large bone
                  | plates. (SH +4) [potion of mutation]
  3005 | D:3      | Reached XP level 4. HP: 13/35 MP: 4/4
  3753 | D:3      | Found an opulent altar of Gozag.
  3919 | D:4      | Found a broken altar of Ashenzari.
  3935 | D:4      | Reached XP level 5. HP: 31/42 MP: 5/5
  4178 | D:4      | Found a bloodstained altar of Trog.
  4217 | D:4      | Noticed Pikel
  4217 | D:4      | Noticed a lemure
  4217 | D:4      | Noticed a lemure
  4217 | D:4      | Noticed a lemure
  4218 | D:4      | Noticed a lemure
  4223 | D:4      | Killed a lemure
  4226 | D:4      | HP: 2/42 [Pikel/bolt of acid (23)]
  4226 | D:4      | Slain by Pikel

Illustrated notes

Levels and vault maps discovered:
D:1:      roderic_crop_circles_arrival_small, layout_basic, serial_shops,
          nicolae_shop_stone, hellmonk_ecumenical_altar_leap_of_faith
D:2:      layout_loops_ring, serial_shops, nicolae_shop_window_shopping,
          moated_statue, minmay_splitting_lines, chequers_serial_rivers_micro_b
D:3:      layout_rooms, grunt_temple_overflow_gold_and_silver, kennysheep_boxes
D:4:      layout_basic, overflow_temple_1_default, trog_three_pillars_becter,
          grunt_ministairs_2, kennysheep_generic_room_8, uniq_pikel

Skill      XL: |  1  2  3  4 |
---------------+-------------+-----
Maces & Flails | 2 3 |  3.3
Shields        | 3 |  3.4
Armour         | 3 |  3.4
Fighting       | |  3.7

Action                   |  1- 3 |  4- 6 || total
-------------------------+-------+-------++-------
Melee: Flail             |   172 |    56 ||   228
       Headbutt          |    16 |     9 ||    25
  Use: Potion            |     2 |       ||     2
       Scroll            |       |     7 ||     7
Armor: Scale mail        |    70 |    13 ||    83
Dodge: Dodged            |    88 |    20 ||   108
Block: Buckler           |    54 |    35 ||    89
